 Dungeon Crawl Stone Soup version 0.28-a0-97-g102d6777a4 (webtiles) character file.

Game seed: 13953954540525535997

616 ipx the Chiller (level 7, -3/36 HPs)
             Began as a Deep Elf Ice Elementalist on Aug 10, 2021.
             Killed from afar by Dowan (14 damage)
             ... with a stone arrow
             ... on level 4 of the Dungeon.
             The game lasted 00:21:23 (1409 turns).

ipx the Chiller (Deep Elf Ice Elementalist)         Turns: 1409, Time: 00:21:24

Health: -3/36      AC:  2    Str:  5    XL:     7   Next: 21%
Magic:  1/18       EV: 12    Int: 22    God:
Gold:   142        SH:  0    Dex: 15    Spells: 7/18 levels left

rFire   . . .      SeeInvis .   b - +0 quarterstaff
rCold   . . .      Faith    .   (shield currently unavailable)
rNeg    . . .      Spirit   .   e - +0 robe
rPois   .          Reflect  .   (no helmet)
rElec   .          Harm     .   (no cloak)
rCorr   +          Rampage  .   (no gloves)
Will    .....                   (no boots)
Stlth   ++........              (no amulet)
HPRegen 0.12/turn               z - ring of resist corrosion
MPRegen 0.16/turn               (no ring)

@: freezing walls
A: no striking features
a: no special abilities


You were on level 4 of the Dungeon.
You visited 1 branch of the dungeon, and saw 6 of its levels.

You collected 142 gold pieces.

Inventory:

Hand Weapons
 a - a +0 halberd
 b - a +0 quarterstaff (weapon)
Armour
 e - a +0 robe (worn)
Jewellery
 z - a ring of resist corrosion (left hand)
Scrolls
 d - a scroll of torment
 f - a scroll of fear
Potions
 c - 2 potions of berserk rage
 g - a potion of curing {unknown}
 h - a potion of resistance {unknown}
 i - a potion of magic {unknown}
 j - a potion of attraction {unknown}
 l - a potion of might {unknown}


   Skills:
 - Level 2.4 Dodging
 - Level 2.4 Stealth
 - Level 6.0 Spellcasting
 + Level 4.7 Conjurations
 - Level 7.0 Ice Magic


You had 7 spell levels left.
You knew the following spells:

 Your Spells              Type           Power      Damage    Failure   Level
h - Hailstorm             Conj/Ice       32%        3d8       9%          4
o - Ozocubu's Armour      Ice            37%        N/A       1%          3
r - Frozen Ramparts       Ice            74%        1d9       1%          3
z - Freeze                Ice            100%       1d11      1%          1

Your spell library contained the following spells:

 Spells                   Type           Power      Damage    Failure   Level
 Call Canine Familiar     Summ           6%         N/A       26%         3
 Portal Projectile        Hex/Tloc       12%        N/A       26%         3
 Leda's Liquefaction      Hex/Erth       3%         N/A       65%         4


Dungeon Overview and Level Annotations

Branches:
Dungeon (6/15)
 Temple: D:4-7

Altars:
Elyvilon

Shops:
D:4 :

Annotations:
D:4 Dowan


Message History

Casting: Frozen Ramparts (safe; 1% risk of failure)
Confirm with . or Enter, or press ? or * to list all spells.
Aiming: Freeze (safe; 1% risk of failure)
Press: ? - help, Shift-Dir - straight line, f - Duvessa
Aim: Duvessa, wielding a +0 short sword and wearing a +0 leather armour (heavily wounded)
You freeze Duvessa!
Duvessa is almost dead.
The wall freezes Duvessa!
You kill Duvessa!
You hear a distant wail of despair.
Your Conjurations skill increases to level 4!
You have reached level 7!
As you read the scroll labelled VOUNNO PICIU, it crumbles to dust.
It is a scroll of amnesia.
Really abort (and waste the scroll)?
Okay, then.
Blink to where?
Press: ? - help, Dir - move target Your icy armour cracks and falls away as you move.
The frozen ramparts melt away as you move.
As you read the scroll labelled PYIG GIKOIDODE, it crumbles to dust.
It was a scroll of blinking.
Dowan seems to find hidden reserves of power!
Dowan says, "Magic will overcome all!"
Your magical contamination has completely faded away.
Casting: Freeze (safe; 1% risk of failure)
Confirm with . or Enter, or press ? or * to list all spells.
Casting: Frozen Ramparts (safe; 1% risk of failure)
Press: ? - help, Dir - look around, f - activate The walls around you are covered in ice.
The wall freezes Dowan.
Unknown command.
Unknown command.
You closely miss Dowan.
Dowan is moderately wounded.
The wall freezes Dowan.
Dowan hits you with a +0 dagger.
The wall freezes Dowan.
Dowan gestures at you while chanting. The stone arrow hits you!
You die...

###...## ##....######...###
.###..# #.......###...#
.###..# #.............##
..##..# #............##
..#...## ##....(.........#
..##...## #....†.....#....#
........##.#.............###
.................#.##..#.#
............##..@###...#.##
(....##....#.....e##.......
.....# ....##.##≈≈.≈≈.....#
.[...# ..##....≈≈≈.≈≈≈.###
...............≈≈⌠.⌠≈≈.#
........ .........∩...†#
........ ......≈≈⌠.⌠≈≈##
........ ......≈≈≈.≈≈≈#
#....... .......≈≈.≈≈##


You could see Dowan (fast).

Vanquished Creatures
  Menkaure (D:4)
  Duvessa (D:4)
  A scorpion (D:4)
  A water moccasin skeleton (D:5)
  A jelly (D:4)
  3 iguanas (D:5)
  Natasha (twice) (D:4)
  4 gnolls (D:3)
  2 adders
  2 dart slugs
  7 orcs
  3 bats
  6 endoplasms
  3 giant cockroaches
  4 goblins
  4 hobgoblins
  2 jackals (D:1)
  5 quokkas
  4 ball pythons
  2 frilled lizards (D:1)
  5 kobolds
  3 rats (D:1)
66 creatures vanquished.

Notes
Turn   | Place    | Note
-------+----------+-------------------------------------------
     0 | D:1      | ipx the Deep Elf Ice Elementalist began the quest for the
                  | Orb.
     0 | D:1      | Reached XP level 1. HP: 10/10 MP: 6/6
    83 | D:1      | Reached XP level 2. HP: 8/15 MP: 2/8
   134 | D:1      | Reached skill level 5 in Ice Magic
   244 | D:1      | Reached XP level 3. HP: 13/19 MP: 1/9
   248 | D:1      | Learned a level 3 spell: Frozen Ramparts
   252 | D:1      | Learned a level 3 spell: Ozocubu's Armour
   439 | D:2      | Found a faded altar of an unknown god.
   551 | D:3      | Reached skill level 6 in Ice Magic
   556 | D:3      | Reached XP level 4. HP: 8/24 MP: 0/10
   652 | D:3      | Found a white marble altar of Elyvilon.
   822 | D:4      | Noticed Natasha
   829 | D:4      | Killed Natasha
   840 | D:4      | Noticed Menkaure
   870 | D:5      | Entered Level 5 of the Dungeon
   992 | D:4      | Noticed Natasha
   996 | D:4      | Killed Menkaure
   997 | D:4      | Reached skill level 7 in Ice Magic
   997 | D:4      | Reached skill level 5 in Spellcasting
   997 | D:4      | Reached XP level 5. HP: 22/28 MP: 4/14
   999 | D:4      | Killed Natasha
  1000 | D:4      | Reached XP level 6. HP: 24/32 MP: 2/16
  1008 | D:3      | Learned a level 4 spell: Hailstorm
  1022 | D:4      | Noticed Dowan
  1038 | D:4      | Reached skill level 1 in Conjurations
  1296 | D:6      | Noticed an orc warrior
  1371 | D:4      | Found Leczatuxtu's Self-Improvement Boutique.
  1386 | D:4      | Noticed Duvessa
  1402 | D:4      | Killed Duvessa
  1403 | D:4      | Reached XP level 7. HP: 13/36 MP: 3/18
  1409 | D:4      | Killed from afar by Dowan

Illustrated notes

Levels and vault maps discovered:
D:1:      ebering_trefoil_twist, layout_basic, serial_shops, shop,
          serial_park_tiny_pond
D:2:      layout_basic, ebering_ecumenical_altar_rust
D:3:      minmay_thinvault, layout_basic, nicolae_elyvilon_peaceful_grove
D:4:      layout_cave_pools, lemuel_tele_altar, chequers_ossuary_entry_cave,
          grunt_decor_resistance, nicolae_shop_self_help, uniq_menkaure,
          uniq_natasha, uniq_duvessa
D:5:      layout_basic, lemuel_crystal_altar, temple_doors_cd
D:6:      layout_basic, uniq_edmund

Skill      XL: |  1  2  3  4  5  6 |
---------------+-------------------+-----
Ice Magic      | 5 6 7 |  7.0
Spellcasting   | 5 6 |  6.0
Conjurations   | 4 |  4.7
Dodging        | |  2.4
Stealth        | |  2.4

Action                   |  1- 3 |  4- 6 |  7- 9 || total
-------------------------+-------+-------+-------++-------
Melee: Halberd           |       |    10 |       ||    10
       Quarterstaff      |       |    24 |     1 ||    25
 Cast: Freeze            |    44 |    23 |       ||    67
       Frozen Ramparts   |     2 |    10 |     1 ||    13
       Ozocubu's Armour  |     1 |     3 |       ||     4
       Hailstorm         |       |     1 |       ||     1
  Use: Scroll            |       |     3 |     2 ||     5
 Stab: Sleeping          |       |     4 |       ||     4
Armor: Robe              |     2 |     7 |       ||     9
Dodge: Dodged            |     7 |    29 |       ||    36

Table legend: (Time is in decaauts)
 A = Elapsed time spent in this place.
 B = Non-inter-level travel time spent in this place.
 C = Inter-level travel time spent in this place.
 D = Time resting spent in this place.
 E = Time spent auto-exploring this place.
 F = Levels seen in this place.
 G = Mean time per level.
                   A        B        C        D        E       F      G
               +--------+--------+--------+--------+--------+-----+--------+
         Total |   1451 |   1443 |      8 |      0 |      0 |   6 |  241.8 |
       Dungeon |   1451 |   1443 |      8 |      0 |      0 |   6 |  241.8 |
               +--------+--------+--------+--------+--------+-----+--------+

Top non-repeatable levels by time:
     D:1: 393 daAuts
     D:4: 308 daAuts
     D:5: 272 daAuts
     D:3: 241 daAuts
     D:2: 202 daAuts
     D:6: 33 daAuts
